 Dungeon Crawl Stone Soup version 0.28.0-53-g5a82cb258f (webtiles) character file.

Game seed: 12318004044394809102

51 DildoBatman the Conjurer (level 4, 0/30 HPs)
             Began as a Formicid Conjurer on May 29, 2022.
             Slain by an orc
             ... wielding a +0 club
              (3 damage)
             ... on level 3 of the Dungeon.
             The game lasted 00:02:22 (968 turns).

DildoBatman the Conjurer (Formicid Conjurer)         Turns: 968, Time: 00:02:22

Health: 0/30       AC:  2    Str: 12    XL:     4   Next: 7%
Magic:  5/7        EV: 12    Int: 17    God:
Gold:   39         SH:  0    Dex: 11    Spells: 4/7 levels left

rFire   . . .      SeeInvis +   c - +0 dagger
rCold   . . .      Faith    .   (no shield)
rNeg    . . .      Spirit   .   a - +0 robe
rPois   .          Reflect  .   (helmet unavailable)
rElec   .          Harm     .   (no cloak)
rCorr   .          Rampage  .   (no gloves)
Will    .....                   (no boots)
Stlth   ++........              (no amulet)
HPRegen 0.10/turn               (no ring)
MPRegen 0.10/turn               (no ring)

@: no status effects
A: permanent stasis, dig shafts and tunnels, antennae 3, four strong arms
a: Dig, Shaft Self


You were on level 3 of the Dungeon.
You visited 1 branch of the dungeon, and saw 3 of its levels.

You collected 39 gold pieces.

Inventory:

Hand Weapons
 c - a +0 dagger (weapon)
Missiles
 d - 17 bolts
 f - 35 stones
Armour
 a - a +0 robe (worn)
Potions
 b - a potion of flight {unknown}
 e - a potion of heal wounds {unknown}


   Skills:
 - Level 1.7 Dodging
 - Level 2.4 Stealth
 - Level 2.1 Spellcasting
 * Level 4.9 Conjurations


You had 4 spell levels left.
You knew the following spells:

 Your Spells              Type           Power      Damage    Failure   Level
a - Searing Ray           Conj           36%        2d5       3%          2
c - Magic Dart            Conj           72%        1d6       2%          1

Your spell library contained the following spells:

 Spells                   Type           Power      Damage    Failure   Level
 Shock                    Conj/Air       40%        1d5       7%          1
 Dazzling Flash           Conj/Hex       20%        N/A       21%         3
 Fulminant Prism          Conj/Hex       5%         3d7       56%         4
 Iskenderun's Mystic Bla  Conj/Tloc      10%        2d4       56%         4
 Airstrike                Air            0%         N/A       88%         4
 Swiftness                Air            Unusable   N/A       N/A         3

Dungeon Overview and Level Annotations

Branches:
Dungeon (2/15)

Altars:


Innate Abilities, Weirdness & Mutations

You cannot be hasted, slowed, berserked, paralysed or teleported.
You can dig through walls and to a lower floor.
You have a pair of large antennae on your head. (SInv)
Your four strong arms can wield two-handed weapons with a shield.


Message History

An orc comes into view. It is wielding a +0 great sword.
The orc closely misses you. What are your orders? t - Shout!
Orders for allies: a - Attack new target. r - Retreat! s - Stop attacking. g - Guard the area. f - Follow me.
Anything else - Cancel.
You shout for attention!
The orc barely misses you. The orc misses you.
A ball python comes into view.
What are your orders? t - Shout!
Orders for allies: a - Attack new target. r - Retreat! s - Stop attacking. g - Guard the area. f - Follow me.
Anything else - Cancel.
You shout for attention!
The orc closely misses you. x3
What are your orders? t - Shout!
Orders for allies: a - Attack new target. r - Retreat! s - Stop attacking. g - Guard the area. f - Follow me.
Anything else - Cancel.
You shout for attention!
The orc closely misses you. The orc hits you with a +0 club.
The orc barely misses you. The orc closely misses you.
What are your orders? t - Shout!
Orders for allies: a - Attack new target. r - Retreat! s - Stop attacking. g - Guard the area. f - Follow me.
Anything else - Cancel.
You shout for attention!
The orc hits you with a +0 club.
You die...

#
.#.########
..........#
#...oo..#
#.So@..#
#..oo..#
#.###### #


You could see 5 orcs and a ball python.

Vanquished Creatures
  An adder (D:2)
  3 dart slugs (D:1)
  3 bats (D:1)
  6 endoplasms (D:1)
  A giant cockroach (D:1)
  6 goblins
  2 hobgoblins
  3 jackals (D:2)
  A quokka (D:1)
  3 ball pythons (D:1)
  A frilled lizard (D:1)
  2 rats (D:1)
32 creatures vanquished.

Notes
Turn   | Place    | Note
-------+----------+-------------------------------------------
     0 | D:1      | DildoBatman the Formicid Conjurer began the quest for the
                  | Orb.
     0 | D:1      | Reached XP level 1. HP: 13/13 MP: 3/3
   131 | D:1      | Reached XP level 2. HP: 17/19 MP: 0/5
   134 | D:1      | Learned a level 2 spell: Searing Ray
   169 | D:1      | Reached skill level 4 in Conjurations
   399 | D:1      | Reached XP level 3. HP: 24/24 MP: 1/6
   924 | D:2      | Found a faded altar of an unknown god.
   950 | D:2      | Reached XP level 4. HP: 27/30 MP: 4/7
   952 | D:2      | You fall into a shaft and drop 1 floor!
   968 | D:3      | Slain by an orc

Illustrated notes

Levels and vault maps discovered:
D:1:      elethiomel_arrival_maze, layout_basic
D:2:      layout_basic, basic_altar, nicolae_ecumenical_pavilion, uniq_terence
D:3:      layout_rooms, mainiacjoe_overflow_paths, gammafunk_ghost_split,
          minmay_misc_feat_room, kennysheep_nondescript, minivault_4,
          fountainhead, glass_columns_c, chequers_serial_rivers_micro_b,
          kennysheep_generic_room_5

Skill      XL: |  1  2 |
---------------+-------+-----
Conjurations   | 4 |  4.9
Dodging        | |  1.7
Stealth        | |  2.4
Spellcasting   | |  2.1

Action                   |  1- 3 |  4- 6 || total
-------------------------+-------+-------++-------
Melee: Dagger            |    36 |       ||    36
 Cast: Magic Dart        |    38 |       ||    38
       Searing Ray       |     5 |       ||     5
 Abil: Shaft Self        |       |     1 ||     1
Armor: Robe              |     6 |       ||     6
Dodge: Dodged            |    44 |    11 ||    55
